 Dungeon Crawl Stone Soup version 0.27.1-1-g398f81649c (webtiles) character file.

Game seed: 12365168713280783449

42 AttackTheMoon the Skirmisher (level 3, 0/29 HPs)
             Began as a Demonspawn Abyssal Knight on Sept 14, 2021.
             Was a Follower of Lugonu.
             Slain by a gnoll (5 damage)
             ... on level 2 of the Dungeon.
             The game lasted 00:04:46 (2467 turns).

AttackTheMoon the Skirmisher (DsAK)                 Turns: 2467, Time: 00:04:46

Health: 0/29       AC:  5    Str: 13    XL:     3   Next: 33%
Magic:  5/5        EV: 10    Int: 13    God:    Lugonu [*.....]
Gold:   69         SH:  0    Dex: 12    Spells: 2/2 levels left

rFire    . . .     SeeInvis .   a - +1 mace
rCold    . . .     Faith    .   (no shield)
rNeg     . . .     Spirit   .   i - +0 ring mail
rPois    .         Reflect  .   (helmet restricted)
rElec    .         Harm     .   (no cloak)
rCorr    .         Rampage  .   (no gloves)
Will     .....                  (no boots)
Stlth    +.........             (no amulet)
HPRegen  0.09/turn              (no ring)
MPRegen  0.09/turn              (no ring)

@: mighty
A: horns 1
a: Renounce Religion, Depart the Abyss


You were on level 2 of the Dungeon.
You worshipped Lugonu.
Lugonu was aware of your devotion.
You visited 1 branch of the dungeon, and saw 2 of its levels.
You visited the Abyss 1 time.

You collected 93 gold pieces.
You spent 24 gold pieces at shops.

Inventory:

Hand Weapons
 a - a +1 mace (weapon)
Armour
 b - a +0 leather armour
 i - a +0 ring mail (worn)
 j - a +0 chain mail
 k - a +0 scale mail
Scrolls
 d - 3 scrolls of identify
 f - a scroll of teleportation {unknown}
 g - a scroll of enchant weapon {unknown}
 h - a scroll of magic mapping {unknown}
 l - a scroll of noise {unknown}
Potions
 c - 2 potions of curing
 e - a potion of resistance


   Skills:
 + Level 3.3 Fighting
 + Level 2.2 Maces & Flails
 + Level 2.2 Armour
 + Level 1.4 Dodging
 + Level 3.0 Invocations


You had 2 spell levels left.
You didn't know any spells.
Your spell library contained the following spells:

 Spells                   Type           Power      Damage    Failure   Level
 Animate Skeleton         Necr           0%         N/A       54%         1
 Pain                     Necr           0%         1d4       54%         1
 Dazzling Flash           Conj/Hex       0%         N/A       89%         3
 Vampiric Draining        Necr           0%         2d6       89%         3
 Agony                    Necr           0%         N/A       100%        5
 Silence                  Hex/Air        0%         N/A       100%        5


Dungeon Overview and Level Annotations

Branches:
Dungeon (2/15)

Altars:

Shops:
D:2 [*


Innate Abilities, Weirdness & Mutations

You have a pair of small horns on your head.


Message History

The bat hits you but does no damage.
You barely miss the bat.
The bat is moderately wounded.
The gnoll shouts!
The bat closely misses you. The bat barely misses you. x2
You hit the bat.
You kill the bat!
Lugonu accepts your kill.
You hit the gnoll.
The gnoll is heavily wounded.
The gnoll hits you with a +0 whip. The gnoll misses you.
You barely miss the gnoll.
The gnoll is heavily wounded.
The gnoll hits you with a +0 whip!
The gnoll hits you from afar with a +0 spear.
The gnoll hits you with a +0 whip.
* * * LOW HITPOINT WARNING * * *
You are too injured to fight recklessly!
You are too injured to fight recklessly!
You are too injured to fight recklessly!
You are too injured to fight recklessly!
You are too injured to fight recklessly!
You are too injured to fight recklessly!
You are too injured to fight recklessly!
You are too injured to fight recklessly!
You are too injured to fight recklessly!
You are too injured to fight recklessly!
You are too injured to fight recklessly!
You are too injured to fight recklessly!
You are too injured to fight recklessly!
You are too injured to fight recklessly!
Okay, then.
It was a potion of might.
You feel very mighty all of a sudden. The gnoll closely misses you.
The gnoll hits you with a +0 whip.
* * * LOW HITPOINT WARNING * * *
You hit the gnoll.
The gnoll is severely wounded.
The gnoll hits you but does no damage. The gnoll hits you with a +0 whip.
You die...

....# #...# #.#
##..# #.# ###)#
#.# .###+# .g.
..##.###########g#
...#.#........##g#
...........##.##g#
>......###.##.##@#
.......# #.##.##.#
.##.(..# #.......#
####.#.# ####.####
# ###.# #.# #..
..# #### ####


You could see 4 gnolls.

Vanquished Creatures
  An adder (D:2)
  2 ball pythons (D:1)
  3 bats
  2 endoplasms (D:1)
  2 giant cockroaches (D:2)
  3 goblins
  3 hobgoblins (D:1)
  3 jackals (D:1)
  3 frilled lizards
  3 kobolds (D:1)
  4 rats
29 creatures vanquished.

Vanquished Creatures (others)
  A plant (D:1)
1 creature vanquished.

Grand Total: 30 creatures vanquished

Notes
Turn   | Place    | Note
-------+----------+-------------------------------------------
     0 | Abyss:1  | AttackTheMoon the Demonspawn Abyssal Knight began the quest
                  | for the Orb.
     0 | Abyss:1  | Reached XP level 1. HP: 18/18 MP: 2/2
   265 | Abyss:1  | Noticed a tormentor
   267 | D:1      | Escaped the Abyss
   431 | D:1      | Reached skill level 1 in Dodging
   778 | D:1      | Gained mutation: You have a pair of small horns on your
                  | head. [demonic ancestry]
   778 | D:1      | Reached XP level 2. HP: 21/24 MP: 4/4
   951 | D:1      | Reached * piety under Lugonu
  1519 | D:2      | Found Kemechef's General Store.
  1547 | D:2      | Bought a scroll of identify for 24 gold pieces
  1643 | D:2      | Found Wangoa's Antique Armour Emporium.
  1694 | D:2      | Reached XP level 3. HP: 25/29 MP: 5/5
  2467 | D:2      | Slain by a gnoll

Illustrated notes

Levels and vault maps discovered:
D:1:      amcnicky_arrival_blooded_trapdoor, layout_rooms, serial_bayou_pond_b
D:2:      layout_loops_corners, serial_shops, nicolae_shop_statue_plus, shop,
          nicolae_lakefront_shop, shapermc_ecumenical_altar_hornbeckon

Skill      XL: |  1  2 |
---------------+-------+-----
Dodging        | 1 |  1.4
Maces & Flails | 2 |  2.2
Armour         | 2 |  2.2
Invocations    | 3 |  3.0
Fighting       | |  3.3

Action                   || total
-------------------------++-------
Melee: Mace              ||    86
       Headbutt          ||     9
Invok: Depart the Abyss  ||     1
  Use: Scroll            ||     2
       Potion            ||     1
Armor: Leather armour    ||    22
       Ring mail         ||    13
Dodge: Dodged            ||    50
